Construct Infanterie Kompanie
Selects Mechanized Battlegroup
Construct Panzergrenadier Kompanie
Selects Mobile Repair Stations
Selects Stoßtruppen Assault Package
Pak 40 Anti-tank Gun Team
Panzergrenadier Officer Quarters
Nebelwerfer 42 Rocket Launcher Team
Selects StuG Assault Group
Selects Zeroing Artillery Barrage
Zeroing Artillery Barrage
Construct Panzer Kompanie
Selects UNKNOWN (2160084)
Zeroing Artillery Barrage
Zeroing Artillery Barrage
Construct Luftwaffe Kompanie
Zeroing Artillery Barrage
Zeroing Artillery Barrage
Marder III M Tank Destroyer